 Dungeon Crawl Stone Soup version 0.20.1-1-g8b1a95d (webtiles) character file.

38140 vatarom the Stormcaller (level 14, -5/79 HPs)
             Began as a Tengu Air Elementalist on Sept 8, 2017.
             Was a High Priest of Vehumet.
             Slain by a spiny frog (19 damage)
             ... on level 6 of the Lair of Beasts.
             The game lasted 01:10:54 (25873 turns).

vatarom the Stormcaller (Tengu Air Elementalist)   Turns: 25873, Time: 01:10:55

Health: -5/79      AC:  4    Str: 11    XL:     14   Next: 0%
Magic:  29/29      EV: 20    Int: 20    God:    Vehumet [*****.]
Gold:   697        SH:  0    Dex: 19    Spells: 15/33 levels left

rFire    + . .     SeeInvis +   w - +6 war axe of the Inferno {flame, SInv}
rCold    . . .     Gourm    .   H - +0 buckler
rNeg     . . .     Faith    .   D - +1 robe {rF+}
rPois    .         Spirit   .   (helmet restricted)
rElec    .         Reflect  .   (no cloak)
rCorr    .         Harm     .   J - +0 pair of gloves
MR       +....                  (boots unavailable)
Stlth    ++........             (no amulet)
Regen    0.3/turn               v - +1 ring of evasion
MPRegen  0.3/turn               t - ring of Foolhardiness {Str+3 Dex+3 SInv Stlth+}

@: confused, lethally poisoned (-5 -> -30)
A: beak, talons 3, mutation resistance 1, able to fly 2
a: Fly, Renounce Religion


You were on level 6 of the Lair of Beasts.
You worshipped Vehumet.
Vehumet was extremely pleased with you.
You were not hungry.

You visited 3 branches of the dungeon, and saw 17 of its levels.
You also visited: Labyrinth.

You collected 781 gold pieces.
You spent 84 gold pieces at shops.

Inventory:

Hand Weapons
 o - a +0 short sword
 p - a +5 trident of piercing
 w - the +6 war axe of the Inferno (weapon) {flame, SInv}
   (You found it on level 3 of the Lair of Beasts)

   It has been specially enchanted to burn those struck by it, causing extra
   injury to most foes and up to half again as much damage against particularly
   susceptible opponents.
   Big, fiery blades are also staple armaments of hydra-hunters.
   It lets you see invisible.
Armour
 a - a +2 robe
 D - a +1 robe of fire resistance (worn)
 H - a +0 buckler (worn)
 J - a +0 pair of gloves (worn)
 S - the +2 leather armour of Igoagove {rC+ Int+4 Dex+4 Slay-4}
   (You found it in a labyrinth)

   It affects your intelligence (+4).
   It affects your dexterity (+4).
   It affects your accuracy and damage with ranged weapons and melee attacks
   (-4).
   It protects you from cold.
Magical Staves
 G - an uncursed staff of fire
Jewellery
 r - an uncursed ring of protection from magic
 t - the ring of Foolhardiness (right hand) {Str+3 Dex+3 SInv Stlth+}
   (You took it off an orc on level 5 of the Dungeon)

   [ring of stealth]

   It affects your strength (+3).
   It affects your dexterity (+3).
   It lets you see invisible.
   It makes you more stealthy.
 v - a +1 ring of evasion (left hand)
 E - an uncursed ring of protection from magic
 K - an uncursed ring of see invisible
Wands
 f - a wand of acid (1/15)
 j - a wand of acid (8/15)
 q - a wand of digging (2/24)
 y - a wand of acid (0/15)
 z - a wand of lightning (2/15)
 B - a wand of iceblast (0/15)
 I - a wand of polymorph (6/24)
 L - a wand of disintegration (5/24)
 M - a wand of acid (0/15)
 P - a wand of iceblast (5/15)
 Q - a wand of digging (11/24)
Scrolls
 e - 2 scrolls of random uselessness
 i - 2 scrolls of enchant weapon
 n - 5 scrolls of magic mapping
 s - 2 scrolls of fog
 u - 5 scrolls of remove curse
 x - a scroll of fear
 C - a scroll of identify
Potions
 g - 2 potions of ambrosia
 h - 2 potions of flight
 F - a potion of cancellation
 N - a potion of haste
Books
 b - a book of Air

   Spells                             Type                      Level
   a - Shock                          Conjuration/Air              1
   b - Swiftness                      Charms/Air                   2
   c - Static Discharge               Conjuration/Air              3
   d - Airstrike                      Air                          4
   e - Lightning Bolt                 Conjuration/Air              5
 R - the Guide on the Glacier and Contamination
   (You found it in a labyrinth)

   Spells                             Type                      Level
   a - Sting                          Conjuration/Poison           1
   b - Mephitic Cloud                 Conjuration/Poison/Air       3
   c - Summon Ice Beast               Ice/Summoning                4
   d - Bolt of Cold                   Conjuration/Ice              6
   e - Freezing Cloud                 Conjuration/Ice/Air          6
Comestibles
 c - 2 bread rations
 k - 6 meat rations
 A - 3 royal jellies
 O - 7 chunks of flesh


   Skills:
 - Level 5.8 Fighting
 - Level 8.3 Dodging
 - Level 2.0 Stealth
 - Level 4.2 Shields
 * Level 10.1 Spellcasting
 - Level 13.2 Conjurations
 - Level 1.3 Necromancy
 + Level 18.8 Air Magic


You had 15 spell levels left.
You knew the following spells:

 Your Spells              Type           Power        Failure   Level  Hunger
a - Shock                 Conj/Air       ####         0%          1    None
b - Swiftness             Chrm/Air       #####...     1%          2    None
c - Static Discharge      Conj/Air       ######..     1%          3    None
d - Airstrike             Air            ######....   1%          4    ##.....
e - Lightning Bolt        Conj/Air       ######....   1%          5    ####...
f - Regeneration          Chrm/Necr      ##........   16%         3    None


Dungeon Overview and Level Annotations

Branches:
Dungeon (10/15)            Temple (1/1) D:5            Lair (6/6) D:8
 Shoals (0/4) Lair:3        Snake (0/4) Lair:3        Slime (0/5) Lair:5
    Orc: D:9-12

Altars:
Ashenzari
Cheibriados
Dithmenos
Elyvilon
Fedhas
Gozag
Hepliaklqana
Kikubaaqudgha
Makhleb
Nemelex Xobeh
Okawaru
Qazlal
Ru
Sif Muna
Trog
Vehumet
Yredelemnul
Zin
The Shining One
Jiyva

Shops:
D:4 !

Annotations:
D:7 Joseph
Lair:3 exclusion: oklob plant
Lair:5 exclusion: oklob plant


Innate Abilities, Weirdness & Mutations

You have a beak for a mouth.
You have claws for feet.
You can fly continuously.
You are somewhat resistant to further mutation.


Message History

A vampire mosquito comes into view.
You are confused.
You feel invigorated.
* * * LOW HITPOINT WARNING * * *
You feel sick. The spiny frog barely misses you.
Unknown command.
* * * LOW HITPOINT WARNING * * *
You feel sick. The spiny frog barely misses you.
You feel sick. The spiny frog stings you.
* * * LOW HITPOINT WARNING * * *
You feel sick. The spiny frog stings you!
* * * LOW HITPOINT WARNING * * *
You are lethally poisoned!
The spiny frog poisons you!
* * * LOW HITPOINT WARNING * * *
You feel very sick. The spiny frog barely misses you.
The spiny frog completely misses you.
* * * LOW HITPOINT WARNING * * *
You feel sick. The spiny frog stings you!!
You die...

##.....##..##
#.#.....#...#..
....P..÷.......
.#..PP.†...##.#
# ######†#P## #
#†### #†# #F#
#@# #.# ###


You could see a spiny frog.

Vanquished Creatures
  A minotaur (Lab)
  Harold (D:10)
  A catoblepas (Lair:2)
  A hydra (Lair:5)
  2 two-headed ogres (D:8)
  Erica (D:9)
  A death yak (Lair:2)
  An unseen horror (D:10)
  A manticore (Lair:3)
  Psyche (D:10)
  3 black mambas
  19 spiny frogs
  8 komodo dragons
  3 rime drakes
  A troll (D:10)
  2 polar bears
  11 blink frogs
  A slime creature (D:10)
  5 hippogriffs
  34 yaks
  A human (D:9)
  3 wyverns
  Grum (D:9)
  4 basilisks
  4 hogs (D:9)
  A vampire mosquito (Lair:6)
  A soldier ant (D:10)
  A naga (Lair:3)
  3 wargs (D:8)
  6 water moccasins
  Edmund (D:4)
  Duvessa (D:6)
  2 ice beasts
  8 porcupines
  2 sky beasts
  7 orc warriors
  An eye of draining (D:9)
  7 ogres
  2 black bears
  3 phantoms
  A hornet zombie (D:10)
  A necrophage (D:6)
  3 centaurs
  22 wolves
  7 crocodiles
  3 big kobolds
  20 bullfrogs
  2 wyvern zombies
  2 gnoll sergeants
  6 scorpions
  Dowan (D:6)
  5 killer bees (D:10)
  5 wights (D:10)
  4 howler monkeys
  A centaur zombie (D:7)
  5 crimson imps
  A bullfrog zombie (D:5)
  A quasit (D:9)
  6 hounds
  A jelly (D:5)
  2 centaur skeletons (D:9)
  7 orc priests
  12 orc wizards
  4 bullfrog skeletons
  4 iguanas
  Jessica (D:3)
  6 worker ants
  A killer bee zombie (D:8)
  A worker ant zombie (D:9)
  Robin (D:3)
  21 gnolls
  2 howler monkey skeletons
  10 adders
  A shadow imp (D:8)
  An adder zombie (D:6)
  An ooze (D:6)
  4 adder skeletons
  4 worms
  A dart slug (D:4)
  6 leopard geckos
  48 orcs
  9 giant cockroaches
  10 goblins
  17 hobgoblins
  6 jackals
  4 quokkas
  2 ball pythons
  11 bats
  4 frilled lizards
  A jackal skeleton (D:8)
  21 kobolds
  A quokka skeleton (D:8)
  A quokka zombie (D:9)
  7 rats
486 creatures vanquished.

Vanquished Creatures (others)
  3 fulminant prisms
  17 fungi
  55 plants
75 creatures vanquished.

Grand Total: 561 creatures vanquished

Notes
Turn   | Place    | Note
-------+----------+-------------------------------------------
     0 | D:1      | vatarom the Tengu Air Elementalist began the quest for the Orb.
     0 | D:1      | Reached XP level 1. HP: 10/10 MP: 4/4
   405 | D:1      | Reached XP level 2. HP: 15/15 MP: 4/6
   654 | D:1      | Reached skill level 5 in Air Magic
   851 | D:1      | Learned a level 2 spell: Swiftness
  1208 | D:2      | Reached XP level 3. HP: 16/19 MP: 0/7
  1362 | D:2      | Learned a level 3 spell: Static Discharge
  1462 | D:2      | Gained mutation: You are somewhat resistant to further mutation. [potion of mutation]
  1610 | D:2      | Found an ancient bone altar of Kikubaaqudgha.
  1654 | D:2      | Reached skill level 6 in Air Magic
  1736 | D:2      | Found a glowing golden altar of the Shining One.
  2141 | D:2      | Reached XP level 4. HP: 21/24 MP: 4/8
  2490 | D:3      | Noticed Jessica
  2508 | D:3      | Killed Jessica
  2508 | D:3      | Reached skill level 7 in Air Magic
  2691 | D:3      | Gained mutation: You can fly. [Tengu growth]
  2691 | D:3      | Reached XP level 5. HP: 23/28 MP: 4/9
  2834 | D:3      | Noticed Robin
  2867 | D:3      | Killed Robin
  3802 | D:4      | Reached skill level 8 in Air Magic
  3802 | D:4      | Reached XP level 6. HP: 19/32 MP: 0/11
  3897 | D:4      | Learned a level 4 spell: Airstrike
  4244 | D:4      | Noticed Edmund
  4313 | D:4      | Killed Edmund
  4437 | D:4      | Found Foel's Distillery.
  4447 | D:4      | Bought a potion of degeneration for 14 gold pieces
  4455 | D:4      | Bought a potion of heal wounds for 70 gold pieces
  4481 | D:5      | Entered Level 5 of the Dungeon
  4583 | D:5      | Found a staircase to the Ecumenical Temple.
  4608 | Temple   | Entered the Ecumenical Temple
  4626 | Temple   | Became a worshipper of Vehumet
  4774 | D:5      | Reached XP level 7. HP: 36/36 MP: 6/13
  4902 | D:5      | Found a white marble altar of Elyvilon.
  4940 | D:5      | Reached skill level 9 in Air Magic
  5080 | D:5      | Got a fine glass ring
  5605 | D:5      | Reached skill level 10 in Air Magic
  5605 | D:5      | Reached XP level 8. HP: 41/41 MP: 3/14
  5814 | D:5      | Identified the ring of Foolhardiness {Str+3 Dex+3 SInv Stlth+} (You took it off an orc on level 5 of the Dungeon)
  5842 | D:5      | Reached skill level 5 in Conjurations
  5995 | D:6      | Noticed Dowan
  5996 | D:6      | Found a burning altar of Makhleb.
  5998 | D:6      | Noticed Duvessa
  6004 | D:6      | Killed Dowan
  6010 | D:6      | Killed Duvessa
  6347 | D:6      | Reached skill level 11 in Air Magic
  6554 | D:6      | Reached * piety under Vehumet
  6554 | D:6      | Offered knowledge of Freeze by Vehumet.
  6572 | D:6      | Learned a level 5 spell: Lightning Bolt
  6801 | D:6      | Reached skill level 5 in Spellcasting
  6855 | D:6      | Reached XP level 9. HP: 46/46 MP: 7/17
  7282 | D:6      | Reached skill level 1 in Fighting
  7320 | D:7      | Noticed Joseph
  7482 | D:7      | Reached skill level 12 in Air Magic
  8220 | D:7      | Learned a level 3 spell: Regeneration
  8247 | D:7      | Found a sparkling altar of Nemelex Xobeh.
  8515 | D:7      | Reached skill level 1 in Necromancy
  9823 | D:8      | Offered knowledge of Throw Frost by Vehumet.
  9823 | D:8      | Reached skill level 5 in Dodging
  9848 | D:8      | Reached skill level 13 in Air Magic
  9883 | D:8      | Reached ** piety under Vehumet
 10005 | D:8      | Reached XP level 10. HP: 54/54 MP: 14/19
 10401 | D:8      | Found a staircase to the Lair.
 10870 | D:9      | Offered knowledge of Inner Flame by Vehumet.
 11070 | D:9      | Noticed a two-headed ogre
 11100 | D:8      | Noticed a two-headed ogre
 11128 | D:8      | Killed a two-headed ogre
 11190 | D:8      | Killed a two-headed ogre
 11190 | D:8      | Reached skill level 14 in Air Magic
 11430 | D:9      | Reached *** piety under Vehumet
 11552 | D:9      | Found a sacrificial altar of Ru.
 11633 | D:9      | Reached skill level 5 in Fighting
 11705 | D:9      | Reached XP level 11. HP: 57/64 MP: 9/21
 12124 | D:9      | Offered knowledge of Fulminant Prism by Vehumet.
 12264 | D:9      | Learned a level 4 spell: Fulminant Prism
 12284 | D:9      | Noticed Grum
 12293 | D:9      | Killed Grum
 12845 | D:9      | Noticed Erica
 12852 | D:9      | Killed Erica
 12852 | D:9      | Reached skill level 1 in Shields
 13267 | D:10     | Entered Level 10 of the Dungeon
 13911 | D:10     | Noticed Harold
 13930 | D:10     | Killed Harold
 13930 | D:10     | Reached skill level 15 in Air Magic
 14071 | D:10     | Reached **** piety under Vehumet
 14398 | D:10     | Offered knowledge of Conjure Flame by Vehumet.
 14838 | D:10     | Noticed an unseen horror
 14842 | D:10     | Killed an unseen horror
 14875 | D:10     | Noticed Psyche
 14963 | D:10     | Killed Psyche
 15569 | Lair:1   | Entered Level 1 of the Lair of Beasts
 15571 | Lair:1   | Reached XP level 12. HP: 69/69 MP: 16/24
 15715 | Lair:1   | Reached ***** piety under Vehumet
 15762 | Lair:1   | Offered knowledge of Poison Arrow by Vehumet.
 15898 | Lair:1   | Reached skill level 16 in Air Magic
 17204 | Lair:2   | Reached skill level 10 in Conjurations
 17338 | Lair:2   | Noticed a catoblepas
 18658 | Lair:2   | Killed a catoblepas
 18864 | Lair:2   | Noticed a death yak
 18865 | Lair:2   | Noticed a death yak
 18886 | Lair:2   | Killed a death yak
 18894 | Lair:2   | Noticed a death yak
 18985 | Lair:2   | Reached skill level 17 in Air Magic
 19871 | Lair:3   | Found a staircase to the Snake Pit.
 20189 | Lair:3   | Reached XP level 13. HP: 71/74 MP: 18/26
 21407 | Lair:3   | Got a slimy war axe
 21408 | Lair:3   | Identified the +6 war axe of the Inferno {flame, SInv} (You found it on level 3 of the Lair of Beasts)
 21503 | Lair:3   | Found a staircase to the Shoals.
 22068 | Lair:4   | Reached skill level 18 in Air Magic
 23120 | Lair:4   | Offered knowledge of Yara's Violent Unravelling by Vehumet.
 23838 | Lair:5   | Found a labyrinth entrance.
 23847 | Lab      | Entered a labyrinth
 24382 | Lab      | Noticed a minotaur
 24387 | Lab      | Killed a minotaur
 24470 | Lab      | Identified the Guide on the Glacier and Contamination
 24472 | Lab      | Got a bronze leather armour
 24474 | Lab      | Identified the +2 leather armour of Igoagove {rC+ Int+4 Dex+4 Slay-4} (You found it in a labyrinth)
 25077 | Lair:5   | Found a viscous altar of Jiyva.
 25077 | Lair:5   | Found a staircase to the Slime Pits.
 25668 | Lair:6   | Entered Level 6 of the Lair of Beasts
 25850 | Lair:6   | Reached skill level 10 in Spellcasting
 25858 | Lair:6   | Gained mutation: You can fly continuously. [Tengu growth]
 25858 | Lair:6   | Reached XP level 14. HP: 55/79 MP: 4/29
 25873 | Lair:6   | Slain by a spiny frog

Skill      XL: |  1  2  3  4  5  6  7  8  9 10 11 12 13 |
---------------+----------------------------------------+-----
Air Magic      | 5 6 7 8 10 11 13 14 15 17 18 | 18.8
Spellcasting   | 3 5 6 7 8 10 | 10.1
Conjurations   | 4 6 8 9 13 | 13.2
Fighting       | 2 5 |  5.8
Dodging        | 5 8 |  8.3
Necromancy     | 1 |  1.3
Shields        | 4 |  4.2
Stealth        | |  2.0

Action                   |  1- 3 |  4- 6 |  7- 9 | 10-12 | 13-15 || total
-------------------------+-------+-------+-------+-------+-------++-------
Melee: Unarmed           |     8 |       |       |       |       ||     8
       Kick              |     2 |     3 |     5 |    20 |     8 ||    38
       Short sword       |    10 |    15 |    11 |       |       ||    36
       Dagger            |     2 |       |       |       |       ||     2
       Peck              |     2 |     5 |     2 |    10 |     7 ||    26
       Whip              |       |     9 |       |       |       ||     9
       Trident           |       |       |     8 |    84 |    12 ||   104
       War axe           |       |       |       |       |    31 ||    31
 Cast: Shock             |    79 |   110 |   180 |   144 |    85 ||   598
       Static Discharge  |       |     8 |    36 |    89 |    58 ||   191
       Airstrike         |       |     4 |    39 |   136 |    62 ||   241
       Lightning Bolt    |       |       |    10 |    81 |    36 ||   127
       Swiftness         |       |       |     1 |     4 |       ||     5
       Fulminant Prism   |       |       |       |     3 |       ||     3
 Abil: Fly               |       |       |       |       |     1 ||     1
Evoke: Wand              |       |       |     1 |     8 |    19 ||    28
  Use: Potion            |     4 |     1 |     5 |     7 |     6 ||    23
       Scroll            |     6 |     5 |     6 |     8 |     7 ||    32
 Stab: Paralysed         |       |       |       |     1 |       ||     1
       Distracted        |       |       |       |     1 |       ||     1
  Eat: Chunk             |     5 |     8 |    18 |    28 |    14 ||    73
       Fruit             |       |     1 |       |     1 |     1 ||     3
       Royal jelly       |       |     1 |       |     1 |     1 ||     3
       Meat ration       |       |       |     1 |     2 |       ||     3
       Bread ration      |       |       |     1 |     6 |     3 ||    10
Armor: Robe              |    10 |     5 |     5 |    24 |     6 ||    50
Dodge: Dodged            |    37 |    49 |    77 |   181 |    98 ||   442
Block: Buckler           |       |       |       |    33 |    31 ||    64
